 Dungeon Crawl Stone Soup version 0.28.0-45-g0d030f2227 (webtiles) character file.

Game seed: 16619720072865628343

30 Ablot the Grasshopper (level 3, 0/31 HPs)
             Began as a Gnoll Warper on Apr 8, 2022.
             Slain by a kobold
             ... wielding a +3 short sword of freezing
              (4 damage)
             ... on level 1 of the Dungeon.
             The game lasted 00:01:11 (788 turns).

Ablot the Grasshopper (Gnoll Warper)                 Turns: 788, Time: 00:01:11

Health: 0/31       AC:  3    Str: 12    XL:     3   Next: 20%
Magic:  9/9        EV: 12    Int: 12    God:
Gold:   27         SH:  0    Dex: 11    Spells: 10/12 levels left

rFire   . . .      SeeInvis .   a - +0 spear
rCold   . . .      Faith    .   (no shield)
rNeg    . . .      Spirit   .   b - +0 leather armour
rPois   .          Reflect  .   (no helmet)
rElec   .          Harm     .   (no cloak)
rCorr   .          Rampage  .   (no gloves)
Will    .....                   (no boots)
Stlth   +.........              (no amulet)
HPRegen 0.10/turn               (no ring)
MPRegen 0.11/turn               (no ring)

@: no status effects
A: fangs 1, strong nose, distributed training
a: no special abilities


You were on level 1 of the Dungeon.
You visited 1 branch of the dungeon, and saw 1 of its levels.

You collected 27 gold pieces.

Inventory:

Hand Weapons
 a - a +0 spear (weapon)
Missiles
 d - 5 boomerangs of dispersal (quivered)
 f - 37 stones
 g - 25 bolts
Armour
 b - a +0 leather armour (worn)
Magical Staves
 h - a staff of cold
Scrolls
 c - a scroll of blinking
 e - a scroll of enchant armour {unknown}


   Skills:
 + Level 4.5 Fighting
 + Level 0.6 Short Blades
 + Level 0.6 Long Blades
 + Level 0.6 Axes
 + Level 0.6 Maces & Flails
 + Level 4.5 Polearms
 + Level 0.6 Staves
 + Level 0.6 Slings
 + Level 0.6 Bows
 + Level 0.6 Crossbows
 + Level 2.5 Throwing
 + Level 2.5 Armour
 + Level 4.5 Dodging
 + Level 0.6 Stealth
 + Level 0.6 Shields
 + Level 0.6 Unarmed Combat
 + Level 5.0 Spellcasting
 + Level 0.4 Conjurations
 + Level 0.4 Hexes
 + Level 0.4 Summonings
 + Level 0.4 Necromancy
 + Level 5.4 Translocations
 + Level 0.4 Transmutations
 + Level 0.4 Fire Magic
 + Level 0.4 Ice Magic
 + Level 0.4 Air Magic
 + Level 0.4 Earth Magic
 + Level 0.4 Poison Magic
 + Level 0.8 Invocations
 + Level 0.6 Evocations


You had 10 spell levels left.
You knew the following spells:

 Your Spells              Type           Power      Damage    Failure   Level
a - Blink                 Tloc           30%        N/A       4%          2

Your spell library contained the following spells:

 Spells                   Type           Power      Damage    Failure   Level
 Gell's Gravitas          Tloc           15%        N/A       9%          3
 Lesser Beckoning         Tloc           15%        N/A       9%          3
 Teleport Other           Tloc           15%        N/A       9%          3
 Animate Skeleton         Necr           8%         N/A       22%         1
 Pain                     Necr           16%        1d4       22%         1
 Vampiric Draining        Necr           4%         2d6       54%         3
 Manifold Assault         Tloc           15%        N/A       61%         5


Dungeon Overview and Level Annotations

Branches:
Dungeon (1/15)

Altars:


Innate Abilities, Weirdness & Mutations

You have very sharp teeth.
Your uncanny sense of smell can sniff out nearby items.
Your experience applies equally to all skills.


Message History

You barely miss the kobold. The kobold closely misses you.
You closely miss the kobold.
The kobold hits you with a +3 short sword of freezing.
The kobold freezes you.
You hit the kobold.
The kobold is moderately wounded.
The endoplasm jiggles.
You barely miss the kobold.
The kobold is moderately wounded.
The kobold hits you with a +3 short sword of freezing.
The kobold freezes you.
You hit the kobold but do no damage.
The kobold is moderately wounded.
The kobold hits you with a +3 short sword of freezing.
The kobold freezes you.
* * * LOW HITPOINT WARNING * * *
You are too injured to fight recklessly!
You are too injured to fight recklessly!
You are too injured to fight recklessly!
You are too injured to fight recklessly!
You are too injured to fight recklessly!
You are too injured to fight recklessly!
You are too injured to fight recklessly!
You are too injured to fight recklessly!
You are too injured to fight recklessly!
You are too injured to fight recklessly!
You are too injured to fight recklessly!
You are too injured to fight recklessly!
You are too injured to fight recklessly!
You closely miss the kobold.
The kobold is moderately wounded.
The kobold hits you with a +3 short sword of freezing.
* * * LOW HITPOINT WARNING * * *
The kobold freezes you.
* * * LOW HITPOINT WARNING * * *
You hit the kobold but do no damage.
The kobold is moderately wounded.
The kobold misses you.
The kobold hits you with a +3 short sword of freezing.
You die...

####################### #
.#......#.........)... #.#
...#....#...#..######
#...##...###...##..## .⌠
.#.....#.#.......#####oo. ###
#..#..)#.........8.#$#oS. ..###
#...#..##.##......'.# .#...#
##.#..##..K.........'.#
<###..##.##.....@##......8.#$#Joo
#..###.#.#..#...#..#.....### #oo.
#.#.###..#.#.#..##...#....## .⌠
.##...#.#†.#..#...#...#....######
. ##.#.##..##.##)................
. ..#..#.#..#..#..##...#...⌠....#
..##..##..#...#.#..#....#........
. ..#...##.##...#................
######## ## #####################


You could see a kobold.

Vanquished Creatures
  2 endoplasms (D:1)
  2 giant cockroaches (D:1)
  3 goblins (D:1)
  4 hobgoblins (D:1)
  4 jackals (D:1)
  2 kobolds (D:1)
  A quokka (D:1)
  2 ball pythons (D:1)
  2 bats (D:1)
  2 frilled lizards (D:1)
  2 rats (D:1)
26 creatures vanquished.

Notes
Turn   | Place    | Note
-------+----------+-------------------------------------------
     0 | D:1      | Ablot the Gnoll Warper began the quest for the Orb.
     0 | D:1      | Reached XP level 1. HP: 20/20 MP: 6/6
    40 | D:1      | Reached XP level 2. HP: 21/26 MP: 7/7
    79 | D:1      | Learned a level 2 spell: Blink
   511 | D:1      | Reached XP level 3. HP: 31/31 MP: 9/9
   538 | D:1      | Reached skill level 5 in Spellcasting
   754 | D:1      | HP: 1/31 [kobold/+3 short sword of freezing (2)]
   788 | D:1      | Slain by a kobold

Illustrated notes

Levels and vault maps discovered:
D:1:      erik_arrival_cave_to_civilisation [erik_arrival_cave_to_temple],
          layout_basic, hellmonk_ecumenical_altar_defaced_shrine,
          minmay_misc_feat_doors

Skill      XL: |  1  2  3 |
---------------+----------+-----
Spellcasting   | 5 |  5.0
Fighting       | |  4.5
Short Blades   | |  0.6
Long Blades    | |  0.6
Axes           | |  0.6
Maces & Flails | |  0.6
Polearms       | |  4.5
Staves         | |  0.6
Slings         | |  0.6
Bows           | |  0.6
Crossbows      | |  0.6
Throwing       | |  2.5
Armour         | |  2.5
Dodging        | |  4.5
Stealth        | |  0.6
Shields        | |  0.6
Unarmed Combat | |  0.6
Conjurations   | |  0.4
Hexes          | |  0.4
Summonings     | |  0.4
Necromancy     | |  0.4
Translocations | |  5.4
Transmutations | |  0.4
Fire Magic     | |  0.4
Ice Magic      | |  0.4
Air Magic      | |  0.4
Earth Magic    | |  0.4
Poison Magic   | |  0.4
Invocations    | |  0.8
Evocations     | |  0.6

Action                   || total
-------------------------++-------
Melee: Spear             ||   121
       Bite              ||     6
Armor: Leather armour    ||    20
Dodge: Dodged            ||    54
